 Dungeon Crawl Stone Soup version 0.30.0-5-g1a98f26d00 (webtiles) character file.

Game seed: 12816408295720546860

276292 freelancePsychic the Petrodigitator (level 20, -37/126 HPs)
             Began as a Gargoyle Earth Elementalist on May 10, 2023.
             Was the Champion of Ru.
             Killed from afar by a war gargoyle (65 damage)
             ... with a spray of metal splinters
             ... on level 1 of the Iron City of Dis.
             The game lasted 01:24:53 (45060 turns).

freelancePsychic the Petrodigitator (GrEE)         Turns: 45060, Time: 01:24:53

Health: -37/126    AC: 26    Str: 25    XL:     20   Next: 11%
Magic:  8/40       EV: 13    Int: 29    God:    Ru [******]
Gold:   2508       SH:  5    Dex: 10    Spells: 26/51 levels left

rFire   + + .        b - staff of earth
rCold   + + .        H - +0 buckler
rNeg    + . .        p - +4 troll leather armour
rPois   ∞            E - +1 hat of Greed {rF++ Str+4}
rElec   +            k - +2 cloak {rCorr}
rCorr   +            F - +1 pair of gloves {Str+3}
SInv    .            n - +2 pair of boots {rampage}
Will    +....        v - amulet of magic regeneration
Stlth   +            O - +6 ring of intelligence
HPRegen 1.21/turn    e - ring "Guh Atwe" {rC++ Str+6}
MPRegen 0.67/turn

%: rampage
@: horrified, flying, contaminated, glowing, studying Throwing, corroded
A: sickness immunity, AC +15, big wings, negative energy resistance 1,
electricity resistance, torment resistance 1, petrification resistance,
inability to use devices, hated by all, cowardly, no air magic, no hexes magic,
no necromancy magic, inexperienced 1, frail 1, weak 1
a: Renounce Religion, Draw Out Power, Power Leap, Apocalypse


You were on level 1 of the Iron City of Dis.
You worshipped Ru.
Ru was exalted by your worship.
You visited 8 branches of the dungeon, and saw 32 of its levels.
You also visited: Gauntlet.

You collected 4883 gold pieces.
You spent 2375 gold pieces at shops.

Inventory:

Hand Weapons
 a - a +6 spectral demon whip
Missiles
 x - 2 throwing nets
Armour
 k - a +2 cloak of preservation (worn)
 n - a +2 pair of boots of rampaging (worn)
 p - a +4 troll leather armour (worn)
 E - the +1 hat of Greed (worn) {rF++ Str+4}
   (You found it on level 1 of the Depths)

   Str:       It affects your strength (+4).
   rF:        It greatly protects you from fire.
 F - a +1 pair of gloves of strength (worn)
 H - a +0 buckler (worn)
 W - a +2 kite shield of protection
Magical Staves
 b - a staff of earth (weapon)
Jewellery
 e - the ring "Guh Atwe" (right hand) {rC++ Str+6}
   (You found it on level 11 of the Dungeon)

   [ring of strength]

   Str:       It affects your strength (+6).
   rC:        It greatly protects you from cold.
 q - the amulet of the Four Winds {rN+ Will+++ Clar}
   (You found it on level 1 of the Depths)

   [amulet of nothing]

   rN:        It protects you from negative energy.
   Clar:      It protects you from confusion, rage, mesmerisation and fear.
   Will:      It greatly increases your willpower.
 v - an amulet of magic regeneration (around neck)
 z - a ring of protection from fire
 D - a ring of wizardry
 J - a ring of wizardry
 M - the ring of Hyan Voi {rElec Will+ Slay+4}
   (You took it off a centaur warrior on level 14 of the Dungeon)

   [ring of slaying]

   Slay:      It affects your accuracy & damage with ranged weapons and melee
   (+4).
   rElec:     It insulates you from electricity.
   Will:      It increases your willpower.
 N - a +6 ring of strength
 O - a +6 ring of intelligence (left hand)
 P - the ring "Jafim" {rF+ Dex+6}
   (You found it in a Gauntlet)

   [ring of dexterity]

   Dex:       It affects your dexterity (+6).
   rF:        It protects you from fire.
 R - a +5 ring of evasion
 T - the ring of Temptation {rElec rN+ Will+}
   (You found it in a Gauntlet)

   [ring of positive energy]

   rElec:     It insulates you from electricity.
   rN:        It protects you from negative energy.
   Will:      It increases your willpower.
 X - a ring of willpower
 Y - a +6 ring of dexterity
Scrolls
 f - 5 scrolls of teleportation {@r4}
 h - 4 scrolls of fog
 m - 3 scrolls of immolation
 o - a scroll of enchant weapon
 r - 4 scrolls of fear
 s - 12 scrolls of vulnerability
 y - 3 scrolls of magic mapping
 A - 9 scrolls of identify {@r1}
 B - 3 scrolls of poison
 C - a scroll of amnesia
 G - 7 scrolls of blinking
 I - a scroll of brand weapon
 Q - 2 scrolls of silence
 Z - a scroll of noise
Potions
 c - 8 potions of heal wounds {@q2}
 d - a potion of attraction
 g - 5 potions of lignification
 i - 14 potions of curing {@q1}
 j - 5 potions of mutation
 l - 9 potions of flight
 t - 7 potions of brilliance
 u - 6 potions of haste {@q3}
 w - 2 potions of ambrosia
 K - 4 potions of might
 L - 3 potions of resistance
 S - a potion of berserk rage
 U - a potion of magic
 V - 3 potions of cancellation


   Skills:
 + Level 19.9 Fighting
 + Level 7.9 Maces & Flails
 - Level 7.0 Armour
 - Level 6.0 Dodging
 - Level 5.0 Stealth
 - Level 5.0 Shields
 * Level 16.4 Spellcasting
 - Level 9.0 Conjurations
 - Level 0.7 Transmutations
 O Level 27 Earth Magic


You had 26 spell levels left.
You knew the following spells:

 Your Spells              Type           Power      Damage    Failure   Level
a - Iron Shot             Conj/Erth      49%        9d9       1%          6
b - Stone Arrow           Conj/Erth      100%       3d13      0%          3
c - Apportation           Tloc           36%        N/A       2%          1
d - Lee's Rapid Deconstr  Erth           59%        3d27*     0%          5
e - Shatter               Erth           59%        3d44*     4%          9
f - Sandblast             Erth           100%       2d20      0%          1

Your spell library contained the following spells:

 Spells                   Type           Power      Damage    Failure   Level
 Passwall                 Tmut/Erth      73%        N/A       0%          2
 Beastly Appendage        Tmut           42%        N/A       1%          1
 Foxfire                  Conj/Fire      100%       2x1d9     1%          1
 Momentum Strike          Conj/Tloc      76%        3d10      1%          2
 Petrify                  Tmut/Erth      88%        N/A       1%          4
 Iskenderun's Battlesphe  Conj           56%        2d11      1%          5
 Lesser Beckoning         Tloc           36%        N/A       3%          2
 Scorch                   Fire           36%        2d7       3%          2
 Wereblood                Tmut           21%        N/A       3%          2
 Flame Wave               Conj/Fire      38%        2d10      4%          4
 Sticky Flame             Conj/Fire      38%        2d6       4%          4
 Ignite Poison            Fire/Tmut/Pois 19%        N/A       7%          3
 Spider Form              Tmut/Pois      19%        N/A       7%          3
 Frozen Ramparts          Ice            36%        1d6       8%          3
 Gell's Gravitas          Tloc           18%        N/A       8%          3
 Ozocubu's Armour         Ice            18%        N/A       8%          3
 Teleport Other           Tloc           18%        N/A       8%          3
 Lehudib's Crystal Spear  Conj/Erth      49%        10d12     11%         8
 Ice Form                 Ice/Tmut       19%        N/A       22%         4
 Blade Hands              Tmut           10%        N/A       47%         5
 Eringya's Noxious Bog    Tmut/Pois      9%         N/A       98%         6
 Dragon Form              Tmut           10%        N/A       100%        7
 Fire Storm               Conj/Fire      19%        8d5       100%        9
 Shock                    Conj/Air       Unusable   1d9       N/A         1
 Leda's Liquefaction      Hex/Erth       Unusable   N/A       N/A         4
 Statue Form              Tmut/Erth      Unusable   N/A       N/A         6
 Necrotise                Necr           Unusable   1d7       N/A         1
 Slow                     Hex            Unusable   N/A       N/A         1
 Summon Small Mammal      Summ           Unusable   N/A       N/A         1
 Cigotuvi's Dreadful Rot  Necr/Pois/Air  Unusable   N/A       N/A         2
 Ensorcelled Hibernation  Hex/Ice        Unusable   N/A       N/A         2
 Sublimation of Blood     Necr           Unusable   N/A       N/A         2
 Confusing Touch          Hex            Unusable   N/A       N/A         3
 Inner Flame              Hex/Fire       Unusable   N/A       N/A         3
 Portal Projectile        Hex/Tloc       Unusable   N/A       N/A         3
 Swiftness                Air            Unusable   N/A       N/A         3
 Tukima's Dance           Hex            Unusable   N/A       N/A         3
 Vampiric Draining        Necr           Unusable   2d7       N/A         3
 Vhi's Electric Charge    Tloc/Air       Unusable   N/A       N/A         3
 Freezing Cloud           Conj/Ice/Air   Unusable   6-21      N/A         5
 Airstrike                Air            Unusable   2d(2-18)  N/A         4
 Anguish                  Hex/Necr       Unusable   N/A       N/A         4
 Cause Fear               Hex            Unusable   N/A       N/A         4
 Summon Ice Beast         Ice/Summ       Unusable   N/A       N/A         4
 Metabolic Englaciation   Hex/Ice        Unusable   N/A       N/A         5
 Summon Forest            Summ/Tloc      Unusable   N/A       N/A         5
 Plasma Beam              Fire/Air       Unusable   2x1d21    N/A         6
 Simulacrum               Ice/Necr       Unusable   N/A       N/A         6
 Summon Cactus Giant      Summ           Unusable   N/A       N/A         6
 Spellforged Servitor     Conj/Summ      Unusable   N/A       N/A         7
 Malign Gateway           Summ/Tloc      Unusable   N/A       N/A         7
 Summon Hydra             Summ           Unusable   N/A       N/A         7
 Chain Lightning          Conj/Air       Unusable   3d25      N/A         9
 Dragon's Call            Summ           Unusable   N/A       N/A         9

Dungeon Overview and Level Annotations

Branches:
Dungeon (15/15)            Temple (1/1) D:6            Lair (5/5) D:8
  Swamp (0/4) Lair:3       Spider (0/4) Lair:2        Slime (0/5) Lair:4
    Orc (2/2) D:12            Elf (3/3) Orc:2        Vaults (0/5) D:13
 Depths (4/4) D:15           Hell (visited)             Dis (1/7) Hell
    Geh (0/7) Hell            Coc (0/7) Hell            Tar (0/7) Hell
    Zot (0/5) Depths:4    Gauntlet (visited)

Altars:
Ashenzari
Cheibriados
Dithmenos
Elyvilon
Gozag
Kikubaaqudgha
Makhleb
Okawaru
Qazlal
Ru
Sif Muna
Trog
Uskayaw
Vehumet
Wu Jian
Xom
Zin
The Shining One

Shops:
Orc:2 (!??   Elf:1 !=([   Elf:2 [   Elf:3 (   Depths:4 :

Portals:
Hell: Depths:1 Depths:2 Depths:3 Depths:4
Abyss: Depths:3
Pandemonium: Depths:2 Depths:4
Ziggurat: Depths:3

Annotations:
D:2 Terence
D:5 Dowan, Duvessa, Pikel
D:10 1 runed translucent door, Valagong's ghost, journeyman MiFi
D:11 3 runed translucent doors, Tsarbomb's ghost, journeyman DsGl
Lair:3 3 runed translucent doors, Ruicvywi's ghost, journeyman OgTm
Depths:3 2 runed translucent doors, Lemeg's ghost, adept TrMo


Innate Abilities, Weirdness & Mutations

You are immune to sickness and miasma.
Your stone body is resilient. (AC +15)
You are immune to poison.
Your large and strong wings let you fly.
You resist negative energy. (rN+)
You are resistant to electric shocks. (rElec)
You are resistant to unholy torment.
You are immune to petrification.
You cannot study or use magical devices.
You are hated by all.
Your cowardice makes you less effective in combat with threatening foes.
You cannot study or cast Air magic.
You cannot study or cast Hexes magic.
You cannot study or cast Necromancy magic.
You are somewhat inexperienced. (-1 XL)
You are frail. (-10% HP)
You are weak. (Str -2)


Message History

You redirect the quicksilver elemental's attack!
The quicksilver elemental breathes dispelling energy at itself.
The bolt of dispelling energy misses the quicksilver elemental.
You feel a surge of power!
The iron shot hits the quicksilver elemental!!!
You destroy the quicksilver elemental!
You hear a loud "Zot"!
A war gargoyle comes into view. It is wielding a +0 flail.
An ancient champion comes into view.
It is wielding a +1 battleaxe of draining.
You feel a twist of horror at the sight of this foe.
The war gargoyle begins to attack, but is stunned by your conviction!
Your body shudders with the violent release of wild energies!
You feel frail.
There is a gateway leading out of Dis here.
A war gargoyle comes into view. It is wielding a +2 heavy morningstar.
The ancient champion casts a spell.
The ancient champion seems to speed up.
The war gargoyle moves out of view.
The war gargoyle launches metal splinters at you.
The spray of metal splinters hits you!!
You feel a twist of horror at the sight of this foe.
The war gargoyle attacks as you move away!
You block the war gargoyle's attack.
The ancient champion points at you and mumbles some strange words.
The iron shot hits you!
The war gargoyle hits you with a +0 flail!
The war gargoyle attacks as you move away!
The war gargoyle barely misses you.
The ancient champion attacks as you move away!
The ancient champion hits you with a +1 battleaxe of draining!
You focus your inner power and illuminate the ancient champion in retribution!
The war gargoyle begins to attack, but is stunned by your conviction!
The ancient champion hits you with a +1 battleaxe of draining!
You focus your inner power and slow the ancient champion in retribution!
The ancient champion attacks as you move away!
The ancient champion hits you with a +1 battleaxe of draining!!
* * * LOW HITPOINT WARNING * * *
The war gargoyle launches metal splinters at you.
The spray of metal splinters hits you!!!
Ouch! That really hurt!
You die...

#...# #...#
#...# #...#.#
#...#.#### #
##..>#.....
#.###......##.#.
#..#..@........
#............
##.9z.......^
#............
###.....9....
#...........
#..∩........
#............
###...######.


You could see an ancient champion (fast, slow, corona) and 2 war gargoyles.

Vanquished Creatures
  Mara (Depths:2)
  Parghit (Depths:4)
  Xtahua (Depths:4)
  A caustic shrike (Depths:2)
  Geryon (Hell)
  A hellephant (Depths:4)
  Rupert (Lair:5)
  2 deep elf blademasters
  Asterion (Depths:2)
  3 liches
  2 deep elf master archers (Elf:3)
  A quicksilver dragon (Depths:3)
  A tengu reaver (Depths:1)
  A storm dragon (Depths:2)
  5 fire giants
  2 shadow dragons
  3 frost giants
  A draconian scorcher (Depths:4)
  5 spectral caustic shrikes (Depths:1)
  2 iron dragons
  A quicksilver elemental (Dis:1)
  A balrug (Depths:2)
  8 deep elf sorcerers
  A curse skull (Hell)
  A juggernaut zombie (Hell)
  6 deep elf elementalists
  A draconian annihilator (Depths:4)
  14 very ugly things
  A quicksilver ooze (shapeshifter) (D:14)
  A cacodemon (Hell)
  A war gargoyle (Dis:1)
  4 reapers (Hell)
  A spriggan defender (Depths:3)
  4 stone giants
  A vampire knight (Depths:2)
  2 deep elf demonologists (Elf:3)
  9 deep elf annihilators
  A black draconian (Depths:4)
  A minotaur (Gauntlet)
  A red draconian (Depths:4)
  A green draconian (Depths:4)
  A yellow draconian (Depths:4)
  A lorocyproca (Hell)
  4 spark wasps (Depths:4)
  Azrael (Elf:1)
  2 white draconians (Depths:4)
  3 blizzard demons
  2 deep elf death magi
  3 ettins (Depths:1)
  A crystal guardian (Hell)
  2 iron golems
  Josephine (D:12)
  A merfolk impaler (Depths:1)
  9 fire dragons
  3 deep elf high priests
  A spriggan zombie (Hell)
  4 spriggan air magi
  A yaktaur captain (Depths:4)
  3 rakshasas
  Erica (D:8)
  An ogre mage (D:15)
  5 hydras
  9 ice dragons
  4 two-headed ogres (D:15)
  4 boulder beetles
  4 centaur warriors
  2 catoblepae
  2 death scarabs (Gauntlet)
  3 tengu warriors
  9 deep troll earth magi
  Urug (Lair:5)
  4 hell hogs
  25 dancing weapons
  7 deep troll shamans
  A storm dragon zombie (Hell)
  Sonja (D:11)
  2 soul eaters (Hell)
  11 sun demons
  6 spriggan berserkers
  19 deep elf knights
  A fire crab (Lair:4)
  18 hell knights
  A bunyip zombie (Hell)
  A crystal echidna (Hell)
  5 sixfirhies
  2 spectral death yaks (Gauntlet)
  10 iron trolls
  2 spark wasp zombies (Hell)
  A skyshark (Lair:2)
  A death drake (Gauntlet)
  16 deep trolls
  Lodul (D:11)
  A flayed ghost (Depths:3)
  A glowing orange brain (Depths:4)
  A shadow dragon zombie (Hell)
  2 tengu zombies (Hell)
  A swamp dragon (Lair:5)
  2 wizards
  A sphinx zombie (Depths:1)
  An anaconda skeleton (Hell)
  A lindwurm (Lair:5)
  An orange crystal statue (Hell)
  17 deep elf archers
  32 deep elf zephyrmancers
  4 orc knights (Orc:2)
  2 orc sorcerers
  A salamander (Depths:2)
  A spectral wolf spider (Gauntlet)
  A frost giant zombie (Hell)
  36 ugly things
  8 necromancers
  38 deep elf pyromancers
  A wolf spider (D:14)
  9 cyclopes
  4 manticores
  A fire giant skeleton (Depths:1)
  A guardian serpent (shapeshifter) (Depths:4)
  2 spectral centaurs (Gauntlet)
  Maurice (D:8)
  2 centaur zombies
  18 elephants
  2 black mambas
  A naga mage (Depths:1)
  2 rust devils (Depths:4)
  A stone giant skeleton (Depths:1)
  3 hellions
  4 smoke demons
  5 torpor snails (Lair:5)
  Maggie (D:8)
  6 cane toads
  2 gargoyles (D:13)
  4 rime drakes
  A centaur skeleton (Hell)
  A kobold demonologist (D:11)
  A yaktaur (D:15)
  2 efreet (D:14)
  An unseen horror (D:11)
  A yaktaur (shapeshifter) (Elf:1)
  A freezing wraith (D:14)
  2 komodo dragons (shapeshifter)
  8 komodo dragons
  8 ice devils
  A meliai (D:14)
  7 tengu conjurers
  A sea snake skeleton (Hell)
  2 hydra zombies (Hell)
  3 red devils (Hell)
  A merfolk (shapeshifter) (Depths:3)
  4 trolls
  2 tyrant leeches (Lair:5)
  4 polar bears
  2 hydra skeletons (Hell)
  2 wolf spider simulacra
  14 hornets
  26 blink frogs
  A raiju (shapeshifter) (D:15)
  An ettin zombie (Hell)
  3 air elementals
  8 water elementals
  6 slime creatures
  A ynoxinul (Depths:4)
  34 yaks
  6 spriggans
  6 wraiths
  A hog (shapeshifter) (D:14)
  A shadow (D:11)
  2 fire elementals (Elf:1)
  5 wyverns
  11 basilisks
  An alligator skeleton (Hell)
  Grum (D:8)
  9 vampire mosquitoes
  2 steam dragons
  A neqoxec (Depths:4)
  A redback (Lair:2)
  A naga zombie (Hell)
  5 wargs
  4 acid dragons
  Edmund (D:5)
  A glowing shapeshifter zombie (Hell)
  10 water moccasins
  A hydra simulacrum (Hell)
  31 orc warriors
  A spectral torpor snail (Gauntlet)
  A hell hound (Elf:1)
  2 ice beasts
  A black bear (D:5)
  2 swamp drakes (Lair:5)
  3 ettin simulacra (Depths:3)
  A sky beast (D:11)
  13 ogres
  A boggart (Elf:1)
  9 wolves
  A phantom (D:3)
  12 centaurs
  5 kobold brigands
  2 gnoll sergeants
  9 bullfrogs
  A naga simulacrum (Hell)
  4 scorpions
  3 earth elementals (Elf:2)
  3 wights (D:9)
  8 killer bees
  A howler monkey (D:8)
  3 hounds
  3 jellies
  Crazy Yiuf (D:3)
  15 orc priests
  2 gnoll boudas (D:9)
  7 iguanas
  18 orc wizards
  8 hell rats
  7 adders
  23 gnolls
  3 shadow imps
  A white imp (Gauntlet)
  A worm (D:2)
  3 dart slugs
  61 orcs
  5 bats
  7 endoplasms
  4 giant cockroaches
  2 goblins
  12 hobgoblins
  12 kobolds
  3 quokkas
  9 ball pythons
  7 frilled lizards
  5 rats
  2 creeping infernos (Hell)
  3 fire vortices (Hell)
1102 creatures vanquished.

Vanquished Creatures (others)
  Nessos (Lair:5)
  An ettin (Orc:1)
  A dancing weapon (Elf:1)
  A deep troll (Depths:3)
  An ugly thing (D:13)
  A cane toad (Lair:3)
  A tengu conjurer (Depths:1)
  A tyrant leech (Lair:5)
  An ogre (D:11)
  A killer bee (D:8)
  A hell rat (Hell)
  2 orcs
  2 spectral weapons
15 creatures vanquished.

Grand Total: 1117 creatures vanquished

Notes
Turn   | Place    | Note
-------+----------+-------------------------------------------
     0 | D:1      | freelancePsychic the Gargoyle Earth Elementalist began the
                  | quest for the Orb.
     0 | D:1      | Reached XP level 1. HP: 10/10 MP: 3/3
   269 | D:1      | Reached XP level 2. HP: 9/15 MP: 0/5
   333 | D:1      | Reached skill level 4 in Earth Magic
   729 | D:1      | Found a faded altar of an unknown god.
   795 | D:1      | Prayed at the altar of an unknown god.
   795 | D:1      | Became a worshipper of Ru the Awakened
   803 | D:1      | Gained mutation: You cannot study or use magical devices.
                  | [Ru sacrifice]
   803 | D:1      | Reached * piety under Ru
   803 | D:1      | Reached ** piety under Ru
   847 | D:1      | Reached XP level 3. HP: 19/19 MP: 4/6
  1629 | D:2      | Reached XP level 4. HP: 24/24 MP: 2/7
  2004 | D:2      | Noticed Terence
  2070 | D:2      | Reached skill level 5 in Earth Magic
  2263 | D:3      | Found a shadowy altar of Dithmenos.
  2410 | D:2      | Reached XP level 5. HP: 28/28 MP: 5/9
  2983 | D:3      | Found a runed translucent door.
  2984 | D:3      | Noticed Crazy Yiuf
  2991 | D:3      | Killed Crazy Yiuf
  2992 | D:3      | Reached skill level 6 in Earth Magic
  3137 | D:4      | Learned a level 3 spell: Stone Arrow
  3173 | D:4      | Reached XP level 6. HP: 32/32 MP: 7/10
  3612 | D:4      | Gained mutation: Your cowardice makes you less effective in
                  | combat with threatening foes. [Ru sacrifice]
  3612 | D:4      | Reached *** piety under Ru
  3950 | D:4      | Reached skill level 1 in Fighting
  3954 | D:4      | Reached skill level 1 in Conjurations
  4111 | D:5      | Entered Level 5 of the Dungeon
  4225 | D:5      | Noticed Pikel
  4225 | D:5      | Noticed Duvessa
  4225 | D:5      | Noticed Dowan
  4298 | D:3      | Reached XP level 7. HP: 34/39 MP: 8/11
  4332 | D:4      | Reached skill level 7 in Earth Magic
  4460 | D:5      | Reached skill level 5 in Stealth
  4626 | D:5      | Reached skill level 8 in Earth Magic
  4626 | D:5      | Reached XP level 8. HP: 38/46 MP: 0/12
  4727 | D:5      | Noticed Edmund
  4731 | D:5      | Killed Edmund
  5255 | D:6      | Found a staircase to the Ecumenical Temple.
  5278 | Temple   | Entered the Ecumenical Temple
  5382 | D:6      | Reached skill level 9 in Earth Magic
  6154 | D:7      | Found a burning altar of Makhleb.
  6320 | D:7      | Found a stormy altar of Qazlal.
  6573 | D:7      | Reached skill level 5 in Fighting
  6573 | D:7      | Reached XP level 9. HP: 54/54 MP: 9/13
  6632 | D:7      | Found an ancient bone altar of Kikubaaqudgha.
  6634 | D:7      | Found a hide-covered altar of Uskayaw.
  6660 | D:7      | Gained mutation: You are somewhat inexperienced. (-1 XL)
                  | [Ru sacrifice]
  6660 | D:7      | Reached XP level 8. HP: 49/49 MP: 5/12
  6660 | D:7      | Reached **** piety under Ru
  6660 | D:7      | Reached ***** piety under Ru
  7147 | D:7      | Reached skill level 10 in Earth Magic
  7623 | D:8      | Noticed Erica
  7625 | D:8      | Found a hazy altar of Hepliaklqana.
  7638 | D:8      | Killed Erica
  7639 | D:8      | Reached skill level 11 in Earth Magic
  7825 | D:8      | Noticed Maggie
  7844 | D:8      | Killed Maggie
  8066 | D:8      | Noticed a white ugly thing
  8263 | D:8      | Noticed a centaur warrior
  8336 | D:9      | Reached XP level 9. HP: 59/59 MP: 14/14
  8340 | D:9      | Reached skill level 12 in Earth Magic
  8582 | D:9      | Found a large runed translucent door.
  8583 | D:9      | Found a large runed translucent door.
  9208 | D:9      | Found a shimmering altar of Xom.
  9275 | D:9      | Found a snail-covered altar of Cheibriados.
  9351 | D:10     | Entered Level 10 of the Dungeon
  9385 | D:10     | Found a glowing silver altar of Zin.
  9508 | D:10     | Reached skill level 5 in Spellcasting
 10049 | D:10     | Gained mutation: You cannot study or cast Air magic. [Ru
                  | sacrifice]
 10049 | D:10     | Gained mutation: You cannot study or cast Hexes magic. [Ru
                  | sacrifice]
 10049 | D:10     | Gained mutation: You cannot study or cast Necromancy magic.
                  | [Ru sacrifice]
 10064 | D:10     | Found a runed translucent door.
 10068 | D:10     | Noticed a spriggan rider
 10071 | D:10     | Noticed Valagong's ghost (journeyman MiFi)
 10073 | D:10     | Identified the +3 spear of Tousagh {speed, Fragile Fly rC+
                  | Int+2}
 10082 | D:10     | Found a sacrificial altar of Ru.
 10230 | D:11     | Noticed a kobold demonologist
 10235 | D:11     | Reached skill level 13 in Earth Magic
 10337 | D:11     | Noticed Psyche
 10340 | D:11     | Killed a kobold demonologist
 10341 | D:11     | Reached skill level 10 in Fighting
 10341 | D:11     | Noticed Psyche
 10394 | D:11     | Killed Psyche the sky beast
 10452 | D:11     | Noticed Lodul
 10455 | D:11     | Reached XP level 10. HP: 59/64 MP: 5/17
 10455 | D:11     | Killed Lodul
 10941 | D:11     | Reached skill level 14 in Earth Magic
 11042 | D:11     | Identified a scroll of acquirement
 11042 | D:11     | Acquired the Octavo of the Fifth Circle and Summoning
 11583 | D:11     | Found a runed translucent gate.
 11583 | D:11     | Found a runed translucent gate.
 11583 | D:11     | Found a runed translucent gate.
 11584 | D:11     | Noticed Tsarbomb's ghost (journeyman DsGl)
 11601 | D:11     | Noticed a cyclops
 11607 | D:11     | Killed a cyclops
 11733 | D:11     | Identified the ring "Guh Atwe" {rC++ Str+6}
 11748 | D:11     | Noticed Sonja
 11753 | D:11     | Killed Sonja
 12426 | D:8      | Killed a centaur warrior
 12629 | D:8      | Found a staircase to the Lair.
 12687 | D:8      | Noticed Grum
 12689 | D:8      | Noticed Maurice
 12691 | D:8      | Killed Grum
 12691 | D:8      | Killed Maurice
 12692 | D:8      | Reached skill level 15 in Earth Magic
 12781 | D:8      | Found a basalt altar of Yredelemnul.
 12810 | Lair:1   | Entered Level 1 of the Lair of Beasts
 13215 | Lair:1   | Reached XP level 11. HP: 32/74 MP: 0/18
 13215 | Lair:1   | Gained mutation: You are hated by all. [Ru sacrifice]
 13215 | Lair:1   | Reached ****** piety under Ru
 13597 | Lair:1   | Identified the +0 helmet "Quhowoah" {rElec rC+}
 14174 | Lair:2   | Found a hole to the Spider Nest.
 14589 | Lair:2   | Reached skill level 16 in Earth Magic
 14957 | Lair:2   | Noticed a skyshark
 14969 | Lair:2   | Killed a skyshark
 15366 | Lair:2   | Learned a level 1 spell: Apportation
 16052 | Lair:3   | Reached skill level 17 in Earth Magic
 16338 | Lair:3   | Reached XP level 12. HP: 75/82 MP: 6/19
 16623 | Lair:3   | Noticed Ruicvywi's ghost (journeyman OgTm)
 16626 | Lair:3   | Noticed a minotaur
 16983 | Lair:3   | Reached skill level 18 in Earth Magic
 17101 | Lair:3   | Found a runed translucent gate.
 17101 | Lair:3   | Found a runed translucent gate.
 17101 | Lair:3   | Found a runed translucent gate.
 17113 | Lair:3   | Identified the +3 battleaxe "Zugudur" {heavy, rPois Stlth+}
 17382 | Lair:3   | Reached skill level 5 in Dodging
 17503 | Lair:3   | Found a staircase to the Swamp.
 18291 | Lair:4   | Found a staircase to the Slime Pits.
 18439 | Lair:4   | Learned a level 5 spell: Lee's Rapid Deconstruction
 18449 | Lair:4   | Learned a level 9 spell: Shatter
 18934 | Lair:4   | Reached skill level 1 in Shields
 19399 | Lair:5   | Entered Level 5 of the Lair of Beasts
 19546 | Lair:5   | Noticed Nessos
 19557 | Lair:5   | Noticed Rupert
 19657 | Lair:5   | Killed Rupert
 19733 | Lair:5   | Reached skill level 19 in Earth Magic
 19835 | Lair:5   | Killed Nessos
 19976 | Lair:5   | Noticed Urug
 19982 | Lair:5   | Killed Urug
 20117 | Lair:5   | Reached XP level 13. HP: 91/91 MP: 13/20
 20647 | Lair:5   | Reached skill level 15 in Fighting
 21346 | Lair:5   | Identified the +4 chain mail of the Hidden Moons {rN+}
 21462 | Lair:5   | Found a runed translucent door.
 21500 | Lair:5   | Reached skill level 20 in Earth Magic
 23109 | D:12     | Found a staircase to the Orcish Mines.
 23171 | D:12     | Noticed Josephine
 23176 | D:12     | Killed Josephine
 23857 | D:13     | Identified the +1 quarterstaff "Wuxocir" {heavy, rElec}
 23964 | D:13     | Found a gate to the Vaults.
 24021 | D:13     | Reached skill level 21 in Earth Magic
 24505 | D:14     | Found a snail-covered altar of Cheibriados.
 24534 | D:14     | Found a gate leading to a gauntlet.
 24542 | Gauntlet | Entered a Gauntlet
 24542 | Gauntlet | Found a transporter.
 24542 | Gauntlet | Found a transporter.
 24546 | Gauntlet | Found a transporter.
 24546 | Gauntlet | Found a transporter.
 24562 | Gauntlet | Found a transporter.
 24562 | Gauntlet | Found a large runed translucent door.
 24563 | Gauntlet | Found a large runed translucent door.
 24565 | Gauntlet | Found a runed translucent gate.
 24566 | Gauntlet | Found a transporter.
 24566 | Gauntlet | Found a transporter.
 24566 | Gauntlet | Found a runed translucent gate.
 24567 | Gauntlet | Found a runed translucent gate.
 24569 | Gauntlet | Found a large runed translucent door.
 24570 | Gauntlet | Found a large runed translucent door.
 24582 | Gauntlet | Found a large runed translucent door.
 24582 | Gauntlet | Found a large runed translucent door.
 24583 | Gauntlet | Found a large runed translucent door.
 24583 | Gauntlet | Found a large runed translucent door.
 24590 | Gauntlet | Found a transporter.
 24593 | Gauntlet | Found a large runed translucent door.
 24593 | Gauntlet | Found a large runed translucent door.
 24593 | Gauntlet | Found a runed translucent door.
 24593 | Gauntlet | Found a runed translucent door.
 24594 | Gauntlet | Found a large runed translucent door.
 24595 | Gauntlet | Found a large runed translucent door.
 24597 | Gauntlet | Found a transporter.
 24609 | Gauntlet | Found a transporter.
 24629 | Gauntlet | Found a transporter.
 24639 | Gauntlet | Found a transporter.
 24685 | Gauntlet | Found a transporter.
 24699 | Gauntlet | Found a transporter.
 24800 | Gauntlet | Found a transporter.
 24816 | Gauntlet | Found the brooch of Shielding {Spirit SH+8}
 24817 | Gauntlet | Found a transporter.
 24848 | Gauntlet | Gained mutation: You are weak. (Str -2) [mutagenic glow]
 24893 | Gauntlet | Found a large runed translucent door.
 24893 | Gauntlet | Found a large runed translucent door.
 24894 | Gauntlet | Found a large runed translucent door.
 24895 | Gauntlet | Found a large runed translucent door.
 25015 | Gauntlet | Identified the +0 pair of gloves "Yrphaico" {Str+3}
 25087 | Gauntlet | Identified the +4 lajatang of the Mind {freeze, *Corrode
                  | rElec rC+++ Int-3}
 25098 | Gauntlet | Identified the +0 robe of Grace {rElec rC++ Stlth-}
 25098 | Gauntlet | Identified the ring "Jafim" {rF+ Dex+6}
 25200 | Gauntlet | Identified the +4 spear "Xeduce" {flame, rElec rN+ Will+}
 25225 | Gauntlet | Identified the ring of Temptation {rElec rN+ Will+}
 25610 | Gauntlet | Gained mutation: Your large and strong wings let you fly.
                  | [Gargoyle growth]
 25610 | Gauntlet | Reached XP level 14. HP: 83/93 MP: 1/23
 25730 | Gauntlet | Reached skill level 22 in Earth Magic
 26467 | D:14     | Found a shadowy altar of Dithmenos.
 26538 | D:14     | Found a hide-covered altar of Uskayaw.
 26579 | D:14     | Reached skill level 23 in Earth Magic
 26813 | D:14     | Identified the ring of Hyan Voi {rElec Will+ Slay+4}
 27477 | D:14     | Found a white marble altar of Elyvilon.
 28105 | D:15     | Entered Level 15 of the Dungeon
 28149 | D:15     | Reached skill level 24 in Earth Magic
 28233 | D:15     | Found a staircase to the Depths.
 29492 | Orc:1    | Entered Level 1 of the Orcish Mines
 29533 | Orc:1    | Found Menagul's Antique Armour Boutique.
 29619 | Orc:1    | Reached XP level 15. HP: 80/96 MP: 13/24
 30016 | Orc:2    | Entered Level 2 of the Orcish Mines
 30016 | Orc:2    | Found a staircase to the Elven Halls.
 30142 | Orc:2    | Reached skill level 25 in Earth Magic
 30367 | Orc:2    | Found Ringitwa's Antique Weapon Shop.
 30369 | Orc:2    | Found Bywkoguk's Distillery.
 30369 | Orc:2    | Found Xiozezon's Magic Scroll Emporium.
 30370 | Orc:2    | Found Itziam Neir's Magic Scroll Shoppe.
 30413 | Orc:2    | Bought a scroll of enchant armour for 112 gold pieces
 30413 | Orc:2    | Bought a scroll of magic mapping for 112 gold pieces
 30413 | Orc:2    | Bought a scroll of magic mapping for 112 gold pieces
 30448 | Orc:2    | Bought a scroll of acquirement for 728 gold pieces
 30448 | Orc:2    | Acquired 446 gold pieces
 30577 | Elf:1    | Entered Level 1 of the Elven Halls
 30812 | Elf:1    | Identified the +8 mace of the Badger {speed, rPois rC+
                  | Dex+2}
 31113 | Elf:1    | Found Diklyuxa's Jewellery Boutique.
 31228 | Elf:1    | Reached skill level 26 in Earth Magic
 31382 | Elf:1    | Found Errapehe's Antique Armour Shop.
 31382 | Elf:1    | Noticed Azrael
 31385 | Elf:1    | Killed Azrael
 31742 | Elf:1    | Bought a +6 ring of intelligence for 504 gold pieces
 31788 | Elf:1    | Found Fuqeufro's Antique Weapon Shop.
 31831 | Elf:1    | Found Qoqac's Distillery.
 31837 | Elf:1    | Bought 2 potions of brilliance for 152 gold pieces
 31837 | Elf:1    | Bought a potion of cancellation for 152 gold pieces
 31837 | Elf:1    | Bought a potion of heal wounds for 95 gold pieces
 31837 | Elf:1    | Bought a potion of lignification for 57 gold pieces
 32223 | Elf:2    | Reached XP level 16. HP: 108/108 MP: 0/28
 32503 | Elf:2    | Found Kintol's Antique Armour Shoppe.
 32509 | Elf:2    | Bought a translucent hat for 351 gold pieces
 32509 | Elf:2    | Identified the +1 hat of Gedofen {Str+2 Slay+2} (You bought
                  | it in a shop on level 2 of the Elven Halls)
 32532 | Elf:2    | Paralysed by an air elemental for 1 turns
 32661 | Elf:2    | Found a huge runed translucent gate.
 32661 | Elf:2    | Found a huge runed translucent gate.
 32661 | Elf:2    | Found a huge runed translucent gate.
 32661 | Elf:2    | Found a huge runed translucent gate.
 32662 | Elf:2    | Found a huge runed translucent gate.
 32718 | Elf:2    | Reached skill level 27 in Earth Magic
 32764 | Elf:2    | Reached skill level 10 in Spellcasting
 32918 | Elf:2    | Reached skill level 1 in Armour
 33073 | Elf:2    | Noticed a deep elf blademaster
 33077 | Elf:2    | Killed a deep elf blademaster
 33078 | Elf:2    | Reached skill level 5 in Conjurations
 33757 | Elf:3    | Entered Level 3 of the Elven Halls
 33757 | Elf:3    | Found Tasumat's Weapon Boutique.
 33874 | Elf:3    | Noticed a deep elf master archer
 33933 | Elf:3    | Killed a deep elf master archer
 34082 | Elf:3    | Reached skill level 5 in Armour
 34166 | Elf:3    | Noticed a deep elf master archer
 34169 | Elf:3    | Killed a deep elf master archer
 34192 | Elf:3    | Reached XP level 17. HP: 116/116 MP: 1/31
 34506 | Elf:3    | Got Cugu's Catalogue of Glowing Places
 34655 | Elf:3    | Noticed a deep elf blademaster
 34657 | Elf:3    | Killed a deep elf blademaster
 34705 | Elf:3    | Identified the staff of cold "Hempix" {rC+ Str+5 Int-2}
 34747 | Elf:3    | Identified the +7 short sword "Bymuc" {flame, Will+ Int+5}
                  | (You took it off a deep elf demonologist on level 3 of the
                  | Elven Halls)
 34780 | Elf:3    | Identified the +4 scale mail of the Depths {rN+}
 34805 | Elf:3    | Identified the +1 scale mail of Temperance {Harm}
 34814 | Elf:3    | Identified the staff of fire "Quwut" {rF+ rN+}
 35386 | Elf:3    | Learned a level 8 spell: Lehudib's Crystal Spear
 35554 | Depths:1 | Entered Level 1 of the Depths
 35684 | Depths:1 | Found a glowing golden altar of the Shining One.
 35876 | Depths:1 | You are sucked into a shaft and drop 1 floor!
 35897 | Depths:2 | Identified the +0 kite shield of Tilaineps {rN+}
 35897 | Depths:2 | Noticed Asterion
 36128 | Depths:1 | Found the amulet of the Four Winds {rN+ Will+++ Clar}
 36163 | Depths:1 | Reached skill level 5 in Shields
 36302 | Depths:1 | Identified the +1 robe of Toitit {rN+ MP+9}
 37279 | Depths:1 | Noticed a lich
 37279 | Depths:1 | Noticed a lich
 37280 | Depths:1 | Killed a lich
 37282 | Depths:1 | Killed a lich
 37736 | Depths:1 | Reached XP level 18. HP: 100/116 MP: 10/33
 38109 | Depths:1 | Found a radiant altar of Vehumet.
 38142 | Depths:1 | Learned a level 6 spell: Iron Shot
 38418 | Depths:1 | Identified the +1 hat of Greed {rF++ Str+4}
 38757 | Depths:1 | Found a gateway to Hell.
 39012 | Depths:2 | Noticed Mara
 39019 | Depths:2 | Killed Mara
 39375 | Depths:2 | Killed Asterion
 39872 | Depths:2 | Found a one-way gate leading to the halls of Pandemonium.
 39936 | Depths:2 | Identified the +1 chain mail of the Yeti {rF+ Int+4}
 40162 | Depths:2 | Identified the +4 shortbow "Coxutoc" {freeze, rF+ Str+3}
 40475 | Depths:2 | Noticed a caustic shrike
 40560 | Depths:3 | Found a radiant altar of Vehumet.
 40630 | Depths:3 | Reached skill level 1 in Maces & Flails
 41363 | Depths:2 | Killed a caustic shrike
 42062 | Depths:3 | Found a one-way gateway to a ziggurat.
 42093 | Depths:3 | Found the +7 great mace "Undeadhunter" {deathbane, rN+}
 42095 | Depths:3 | Noticed Lemeg's ghost (adept TrMo)
 42096 | Depths:3 | Found a one-way gate to the infinite horrors of the Abyss.
 42096 | Depths:3 | Noticed an ancient lich
 42096 | Depths:3 | Noticed a caustic shrike
 42373 | Depths:3 | Found a runed translucent door.
 42382 | Depths:3 | Reached XP level 19. HP: 112/130 MP: 15/37
 42430 | Depths:3 | Found a runed translucent door.
 42642 | Depths:4 | Entered Level 4 of the Depths
 42740 | Depths:4 | Noticed Parghit
 42742 | Depths:4 | Killed Parghit
 42762 | Depths:4 | Reached skill level 5 in Maces & Flails
 43004 | Depths:4 | Found Gesaenas's Vocational Training.
 43167 | Depths:4 | Identified the amulet of the Madman {Reflect Will+ Int+3
                  | SH+5}
 43173 | Depths:4 | Noticed Xtahua
 43179 | Depths:4 | Killed Xtahua
 43180 | Depths:4 | Reached skill level 15 in Spellcasting
 43477 | Depths:4 | Found a gate to the Realm of Zot.
 44082 | Hell     | Entered the Vestibule of Hell
 44082 | Hell     | Noticed Geryon
 44256 | Hell     | Noticed a hellephant
 44263 | Hell     | Killed Geryon
 44277 | Depths:4 | Killed a hellephant
 44395 | Hell     | Reached XP level 20. HP: 72/140 MP: 14/40
 44521 | Hell     | Found a gateway to the freezing wastes of Cocytus.
 44712 | Hell     | Found a gateway to the decaying netherworld of Tartarus.
 44841 | Hell     | Found a gateway to the Iron City of Dis.
 44958 | Hell     | Found a gateway to the ashen valley of Gehenna.
 45035 | Dis:1    | Entered Level 1 of the Iron City of Dis
 45053 | Dis:1    | Gained mutation: You are frail. (-10% HP) [mutagenic glow]
 45060 | Dis:1    | Killed from afar by a war gargoyle

Illustrated notes

Levels and vault maps discovered:
D:1:      sevenhm_arrival_forest_fort_large_2, layout_loops_corners,
          serial_forest, infiniplex_forest_diagonal,
          infiniplex_forest_clump_medium, infiniplex_forest_straight_3,
          infiniplex_forest_straight_2, infiniplex_forest_lined_2,
          infiniplex_forest_clump_curved, infiniplex_forest_lined_2,
          nicolae_ecumenical_snake_handling, grunt_decor_resistance,
          minivault_27, fountainhead
D:2:      layout_rooms, minmay_misc_feat_encased, uniq_terence
D:3:      layout_rooms, nicolae_dithmenos_the_darkroom, uniq_crazy_yiuf_cottage
D:4:      layout_loops_ring
D:5:      layout_rooms, old_standard_altar, nicolae_fountain_basement,
          uniq_pikel, uniq_duvessa, uniq_edmund
D:6:      layout_basic, minmay_temple_entry_junction_2
D:7:      layout_layer_cave, mainiacjoe_overflow_brackets, bloody_makhleb,
          chequers_temple_overflow_statue_of_worship, kennysheep_generic_room_4
D:8:      layout_rooms, mainiacjoe_overflow_alcove_1,
          nicolae_hepliaklqana_hazy_memory, dpeg_oklobed_lair, kb_rosetta,
          uniq_grum, uniq_maurice, uniq_maggie, uniq_erica
D:9:      layout_rooms, jmf_multi_god_temple2, kennysheep_generic_room_3
D:10:     layout_cave_pools, nicolae_ru_sacrificial_ziggurat,
          amcnicky_altar_gilded, ebering_ghost_funeral_grove
D:11:     layout_irregular_city, ebering_ghost_rock_garden, uniq_sonja,
          uniq_lodul, uniq_psyche
D:12:     layout_irregular_city, minmay_orc_entry_temple_small, uniq_josephine
D:13:     layout_rooms, david_vaults_4
D:14:     minmay_the_grid_octo_tiled_octocenter [minmay_the_grid_octo_horde,
          minmay_the_grid_octo_fan_narrow, minmay_the_grid_octo_checkerflower,
          minmay_the_grid_octo_shrine,
          minmay_the_grid_octo_prize_square_snowflake,
          minmay_the_grid_square_5x5_checkered_sparse,
          minmay_the_grid_square_5x5_sharp_hourglass,
          minmay_the_grid_square_5x5_c,
          minmay_the_grid_square_5x5_hollow_slash], layout_loops_cross,
          gauntlet_entry_generic, elyvilon_altar_1, serial_bayou_pond_e
D:15:     grunt_enter_depths_hoard, layout_irregular_city,
          hangedman_decor_riveting, nicolae_eternal_life
Temple:   eino_temple_lava
Lair:1:   layout_regular_city, grunt_megastairs_4
Lair:2:   layout_cave_shapes, spider_nest_entry_webs, grunt_megastairs_5,
          lemuel_fruit_tree, infiniplex_staircase_pool_2
Lair:3:   layout_chaotic_city, swamp_mist_pool, maelrawn_ghost_gauntlet_escape,
          beast_lair_carwin_11
Lair:4:   layout_small_grid, slime_entry_1
Lair:5:   guppyfry_lair_end_dragon, layout_regular_city, wormcave,
          serial_bayou_pond_e, uniq_urug, uniq_nessos, uniq_rupert
Orc:1:    layout_diamond_mine, serial_shops, nicolae_shop_trees
Orc:2:    st_orc_rangers, layout_diamond_mine, nicolae_orc_crystal_geode
Elf:1:    eino_elf_arrival_the_gate, layout_geoelf_octagon, serial_shops,
          nicolae_shop_waterfront, shop, nicolae_shop_behind_doors,
          hangedman_elf_disciples, minmay_shop_grid_forest, uniq_azrael
Elf:2:    elven_hall_of_blades_hangedman_alternative
          [infiniplex_blade_entry_pillars], layout_loops_corners, serial_shops,
          shop, nicolae_elf_blasts_and_bolts
Elf:3:    minmay_elf_hall_dome, layout_rooms, serial_shops,
          nicolae_shop_bloodbath_and_beyond, minmay_misc_feat_diagonals,
          nicolae_twisting_strands, st_stairs_1, minivault_24,
          nicolae_elf_deep_friendship
Depths:1: layout_roguey, tso_altar, pf_hell_entry_tar_river,
          nicolae_two_hexagons, grunt_tower_of_power, serial_bayou_shore_a
Depths:2: minmay_open_boxes_in_corner, layout_cave_pools,
          rand_demon_pan_entry_5, minmay_misc_feat_chi, lightli_too_deep,
          minmay_misc_feat_room, infiniplex_staircase_diamond,
          serial_bayou_shore_b, serial_bayou_shore_b, uniq_asterion, uniq_mara
Depths:3: hangedman_elemental_death_ray, layout_honeycomb, enter_ziggurat_f,
          muffindrake_ghost_dual_entry, pf_vacation_house_of_asmodeus,
          abyss_entry, minmay_misc_feat_pillars, nicolae_vehumet_altar_sigil
Depths:4: grunt_zot_entry_alcove, layout_basic, grunt_pan_entry_in_and_out,
          hell_entry, drop_trap, nicolae_shop_vocational,
          roderic_lattice_octagonal_star, uniq_parghit, uniq_xtahua
Hell
Dis:1:    layout_regular_city

Skill      XL: |  1  2  3  4  5  6  7  8  9 10 11 12 13 14 15 16 17 18 19 |
---------------+----------------------------------------------------------+-----
Earth Magic    | 4 5 6 8 11 13 15 17 19 21 24 26 27 | 27.0
Stealth        | 3 4 5 |  5.0
Spellcasting   | 3 5 6 8 10 11 14 16 | 16.4
Fighting       | 1 3 8 10 12 13 14 15 16 17 18 19 | 19.9
Conjurations   | 1 3 4 7 9 |  9.0
Dodging        | 4 5 6 |  6.0
Shields        | 3 4 5 |  5.0
Armour         | 5 7 |  7.0
Maces & Flails | 4 7 |  7.9
Transmutations | |  0.7

Action                     |  1- 3 |  4- 6 |  7- 9 | 10-12 | 13-15 | 16-18 | 19-21 || total
---------------------------+-------+-------+-------+-------+-------+-------+-------++-------
  Melee: Unarmed           |    17 |       |       |       |       |       |       ||    17
         Whip              |     9 |    36 |   115 |   194 |   196 |    11 |       ||   561
         Punch             |       |       |     2 |     3 |       |       |       ||     5
         Staff             |       |       |       |       |    27 |     5 |     1 ||    33
         Demon whip        |       |       |       |       |       |    28 |    30 ||    58
   Cast: Sandblast         |    40 |    82 |    55 |    20 |       |       |       ||   197
         Stone Arrow       |       |     1 |   115 |   259 |   498 |   102 |       ||   975
         Shatter           |       |       |       |       |    79 |   186 |    51 ||   316
         Lee's Rapid Decon |       |       |       |       |    14 |    14 |     2 ||    30
         Iron Shot         |       |       |       |       |       |    58 |    54 ||   112
 Invoke: Sacrifice Artific |     1 |       |       |       |       |       |       ||     1
         Sacrifice Courage |       |     1 |       |       |       |       |       ||     1
         Draw Out Power    |       |       |     5 |     5 |     4 |    10 |     1 ||    25
         Sacrifice Experie |       |       |     1 |       |       |       |       ||     1
         Apocalypse        |       |       |     2 |    12 |    12 |     2 |     4 ||    32
         Sacrifice Arcana  |       |       |     1 |       |       |       |       ||     1
         Sacrifice Love    |       |       |       |     1 |       |       |       ||     1
    Use: Scroll            |       |     9 |    11 |    14 |    12 |    15 |       ||    61
         Potion            |       |     2 |       |     2 |     3 |     1 |     1 ||     9
   Stab: Sleeping          |     1 |       |     1 |       |       |       |       ||     2
         Distracted        |       |       |     2 |       |       |     1 |     1 ||     4
         Paralysed         |       |       |     4 |    11 |    14 |       |       ||    29
         Invisible         |       |       |       |     2 |       |       |       ||     2
 Armour: Robe              |    16 |    39 |    49 |       |       |       |       ||   104
         Steam dragon scal |       |       |    63 |   131 |   205 |       |       ||   399
         Troll leather arm |       |       |       |       |    25 |   140 |    97 ||   262
  Dodge: Dodged            |    25 |    71 |   158 |   239 |   265 |   115 |    62 ||   935
  Block: Buckler           |       |       |       |       |    85 |    47 |    19 ||   151
